 Dungeon Crawl Stone Soup version 0.29-a0-360-g8ed1089bbe (webtiles) character file.

Game seed: 11568593957020404134

84 Shayle the Sneak (level 4, -2/27 HPs)
             Began as a Tengu Brigand on Apr 28, 2022.
             Splashed by a jelly's acid (4 damage)
             ... on level 3 of the Dungeon.
             The game lasted 00:06:19 (2777 turns).

Shayle the Sneak (Tengu Brigand)                    Turns: 2777, Time: 00:06:19

Health: -2/27      AC: -5    Str: 11    XL:     4   Next: 45%
Magic:  7/7        EV: 12    Int: 14    God:
Gold:   134        SH:  0    Dex: 15    Spells: 5/5 levels left

rFire   . . .      SeeInvis .   a - +2 dagger
rCold   . . .      Faith    .   (no shield)
rNeg    . . .      Spirit   .   b - +0 robe
rPois   .          Reflect  .   (helmet restricted)
rElec   .          Harm     .   c - +0 cloak
rCorr   .          Rampage  .   (no gloves)
Will    .....                   (boots unavailable)
Stlth   +++.......              (no amulet)
HPRegen 0.09/turn               (no ring)
MPRegen 0.10/turn               (no ring)

@: corroded
A: beak, talons 3
a: no special abilities


You were on level 3 of the Dungeon.
You visited 1 branch of the dungeon, and saw 3 of its levels.

You collected 134 gold pieces.

Inventory:

Hand Weapons
 a - a +2 dagger (weapon)
Missiles
 d - 9 poisoned darts (quivered)
 e - 3 curare-tipped darts
Armour
 b - a +0 robe (worn)
 c - a +0 cloak (worn)
Jewellery
 g - an amulet of the acrobat
Scrolls
 h - 3 scrolls of identify {unknown}
 j - a scroll of teleportation {unknown}
 m - 2 scrolls of noise {unknown}
 p - a scroll of amnesia {unknown}
Potions
 f - a potion of mutation {unknown}
 i - a potion of curing {unknown}
 k - a potion of might {unknown}
 l - a potion of haste {unknown}
 n - a potion of brilliance {unknown}
 o - a potion of attraction {unknown}


   Skills:
 + Level 2.9 Fighting
 - Level 2.2 Short Blades
 - Level 2.0 Throwing
 + Level 2.3 Dodging
 + Level 4.5 Stealth
 + Level 1.4 Spellcasting


You had 5 spell levels left.
You didn't know any spells.
Your spell library was empty.

Dungeon Overview and Level Annotations

Branches:
Dungeon (3/15)

Altars:

Shops:
D:3 :


Innate Abilities, Weirdness & Mutations

You have a beak for a mouth.
You have claws for feet.


Message History

You feel sick. The adder bites you but does no damage.
You hit the adder. Your kick misses the adder. You peck the adder.
You kill the adder!
You feel sick.
You feel sick.
You see here an adder corpse.
You feel sick.
You are no longer poisoned.
You now have 101 gold pieces (gained 11).
You see here an adder corpse.
You see here a +0 dagger.
Found a stone staircase leading down.
Found an escape hatch in the floor.
There is an escape hatch in the floor here.
You now have 112 gold pieces (gained 11).
You open the door.
There is an open door here.
You now have 126 gold pieces (gained 14).
You now have 134 gold pieces (gained 8).
A jelly comes into view.
Found an escape hatch in the ceiling.
You hit the jelly. The acid corrodes you!
Your hands burn!
Your kick misses the jelly.
The jelly is moderately wounded.
The jelly barely misses you.
You hit the jelly but do no damage. The acid corrodes you!
Your hands burn!
You claw the jelly. You peck the jelly, but do no damage.
The jelly is heavily wounded.
The jelly barely misses you.
You hit the jelly but do no damage.
Your hands burn!
The jelly is heavily wounded.
The jelly hits you.
You are splashed with acid!
* * * LOW HITPOINT WARNING * * *
You hit the jelly.
Your hands burn!
* * * LOW HITPOINT WARNING * * *
You claw the jelly, but do no damage.
The jelly is severely wounded.
The jelly completely misses you.
You hit the jelly but do no damage.
Your hands burn!
You die...

#.........# #.#.#
#.#
#.........######.#..
#.#
######.##........###
#.#
#######.###########
..# ................
#######.#########
#####..........
..........########
.##.......@J.....#
#.#...#.#......#
...#.....#......#
### ###.###......#
.... .....<# ###.#
#.....# #. .....#
...... #


You could see a jelly.

Vanquished Creatures
  3 adders
  A worm (D:3)
  2 dart slugs (D:3)
  4 bats
  2 endoplasms (D:1)
  3 giant cockroaches
  7 goblins
  3 hobgoblins
  4 kobolds
  6 quokkas
  7 ball pythons
  4 rats
46 creatures vanquished.

Notes
Turn   | Place    | Note
-------+----------+-------------------------------------------
     0 | D:1      | Shayle the Tengu Brigand began the quest for the Orb.
     0 | D:1      | Reached XP level 1. HP: 12/12 MP: 2/2
   428 | D:1      | Reached XP level 2. HP: 15/17 MP: 3/3
  1437 | D:2      | Reached XP level 3. HP: 22/22 MP: 5/5
  1649 | D:2      | Reached skill level 1 in Spellcasting
  2045 | D:2      | Found a faded altar of an unknown god.
  2237 | D:3      | Reached XP level 4. HP: 24/27 MP: 6/6
  2318 | D:3      | Found Plog's Book Shoppe.
  2777 | D:3      | Splashed by a jelly's acid

Illustrated notes

Levels and vault maps discovered:
D:1:      matt_arrival_refuge, layout_basic
D:2:      layout_loops_corners, hellmonk_ecumenical_altar_leap_of_faith,
          st_stairs_5
D:3:      layout_basic, serial_shops, nicolae_lakefront_shop, serial_glass,
          glass_columns_a, glass_columns_a, minmay_strange_pillars,
          grunt_ministairs_7, minmay_increasing_density

Skill      XL: |  1  2  3 |
---------------+----------+-----
Spellcasting   | 1 |  1.4
Dodging        | 2 |  2.3
Fighting       | |  2.9
Short Blades   | |  2.2
Throwing       | |  2.0
Stealth        | |  4.5

Action                   |  1- 3 |  4- 6 || total
-------------------------+-------+-------++-------
Melee: Dagger            |    75 |    20 ||    95
       Kick              |    15 |     3 ||    18
       Peck              |     9 |     4 ||    13
       Punch             |       |     1 ||     1
Throw: Dart              |     1 |       ||     1
 Stab: Sleeping          |    10 |     5 ||    15
Armor: Robe              |    15 |     4 ||    19
Dodge: Dodged            |    44 |     6 ||    50

Table legend: (Time is in decaauts)
 A = Elapsed time spent in this place.
 B = Non-inter-level travel time spent in this place.
 C = Inter-level travel time spent in this place.
 D = Time resting spent in this place.
 E = Time spent auto-exploring this place.
 F = Levels seen in this place.
 G = Mean time per level.
                   A        B        C        D        E       F      G
               +--------+--------+--------+--------+--------+-----+--------+
         Total |   2765 |   2708 |     57 |    216 |   2088 |   3 |  921.7 |
       Dungeon |   2765 |   2708 |     57 |    216 |   2088 |   3 |  921.7 |
               +--------+--------+--------+--------+--------+-----+--------+

Top non-repeatable levels by time:
     D:1: 1122 daAuts
     D:2: 1099 daAuts
     D:3: 544 daAuts
